 Dungeon Crawl Stone Soup version 0.16.1-11-g651b585 (webtiles) character file.

14431 hulla the Nimble (level 12, -7/84 HPs)
             Began as an Octopode Transmuter on Apr 5, 2015.
             Was a High Priest of Makhleb.
             Mangled by a spiny frog (8 damage)
             ... on level 1 of the Lair of Beasts.
             The game lasted 02:41:35 (20517 turns).

hulla the Nimble (Octopode Transmuter)             Turns: 20517, Time: 02:41:35

Health: -7/84      AC:  1    Str: 10      XL:     12   Next: 16%
Magic:  32/32      EV: 18    Int: 18 (23) God:    Makhleb [*****.]
Gold:   726        SH:  0    Dex: 13      Spells: 5 memorised, 5 levels left

rFire  . . .     SeeInvis .     a - +5 blowgun
rCold  . . .     Clarity  +     (no shield)
rNeg   . . .     SustAb   .     (helmet restricted)
rPois  .         Gourm    .     J - amulet of clarity
rElec  .         Spirit   .     l - ring of wizardry
rCorr  .         Warding  .     E - +4 ring of intelligence
rMut   .         Stasis   .     G - ring of stealth
MR     .....                    f - ring of Xolacut {+Fly MP+9}
Stlth  ++++++....               o - ring of stealth
                                (no ring)
                                (no ring)
                                (no ring)

@: very slightly contaminated, hasted, very quick, not resistant to hostile
enchantments, very stealthy
A: almost no armour, amphibious, 8 rings, constrict 8, camouflage 1, gelatinous
body 1
a: Minor Destruction, Lesser Servant of Makhleb, Major Destruction, Greater
Servant of Makhleb, Renounce Religion, Evoke Flight


You were on level 1 of the Lair of Beasts.
You worshipped Makhleb.
Makhleb was extremely pleased with you.
You were hungry.

You visited 3 branches of the dungeon, and saw 15 of its levels.
You also visited: Sewer and Ossuary.

You collected 778 gold pieces.
You spent 52 gold pieces at shops.

Inventory:

Hand weapons
 a - a +5 blowgun (weapon)
 j - a +0 hunting sling
Missiles
 b - 127 arrows
 e - 15 stones
 q - 55 poisoned needles (quivered)
 r - 6 needles of paralysis
Jewellery
 f - the ring of Xolacut (on tentacle) {+Fly MP+9}
   (You found it on level 13 of the Dungeon)

   [ring of flight]

   It affects your magic capacity (+9).
   It lets you fly.
 k - a cursed amulet of the gourmand
 l - a ring of wizardry (left tentacle)
 o - a ring of stealth (on tentacle)
 E - a +4 ring of intelligence (right tentacle)
 G - a ring of stealth (on tentacle)
 J - an amulet of clarity (around mantle)
Magical devices
 i - a wand of confusion (26)
 D - a wand of disintegration (11)
 P - a wand of cold (12)
 R - a wand of draining (7)
 V - a wand of magic darts (21)
Scrolls
 m - 4 scrolls of identify
 v - 6 scrolls of remove curse
 y - a scroll of fog {unknown}
 z - 4 scrolls of recharging
 B - 2 scrolls of amnesia {unknown}
 F - a scroll of teleportation {unknown}
 M - 4 scrolls of magic mapping
 X - a scroll of silence {unknown}
Potions
 c - 5 potions of curing
 g - 2 potions of brilliance
 n - 4 potions of haste
 t - 2 potions of agility
 x - 2 potions of restore abilities
 O - 2 potions of cure mutation
 U - 3 potions of cancellation
Books
 d - a book of Changes

   Spells                             Type                      Level
   a - Beastly Appendage              Transmutation                1
   b - Sticks to Snakes               Transmutation                2
   c - Spider Form                    Transmutation/Poison         3
   d - Ice Form                       Ice/Transmutation            4
   e - Blade Hands                    Transmutation                5
 Q - a Fen Folio

   Spells                             Type                      Level
   a - Corpse Rot                     Necromancy                   2
   b - Stone Arrow                    Conjuration/Earth            3
   c - Leda's Liquefaction            Hexes/Earth                  4
   d - Summon Forest                  Summoning/Translocation      5
   e - Hydra Form                     Transmutation                6
   f - Summon Hydra                   Summoning                    7
 Y - a book of Alchemy

   Spells                             Type                      Level
   a - Sublimation of Blood           Necromancy                   2
   b - Alistair's Intoxication        Transmutation/Poison         4
   c - Condensation Shield            Ice                          4
   d - Petrify                        Transmutation/Earth          4
   e - Ignite Poison                  Fire/Transmutation           5
   f - Irradiate                      Conjuration/Transmutation    5
Comestibles
 h - 13 fruits
 p - 11 bread rations
 s - 8 chunks of flesh
 T - 6 beef jerkies


   Skills:
 + Level 8.7 Fighting
 - Level 10.3 Dodging
 - Level 4.0 Stealth
 + Level 9.1 Unarmed Combat
 + Level 4.3 Spellcasting
 + Level 8.4 Transmutations
 - Level 3.0 Poison Magic
 + Level 5.7 Invocations


You had 5 spell levels left.
You knew the following spells:

 Your Spells              Type           Power        Failure   Level  Hunger
a - Beastly Appendage     Trmt           ####..       1%          1    None
b - Spider Form           Trmt/Pois      ###.......   1%          3    ###....
c - Sticks to Snakes      Trmt           ####......   1%          2    ##.....
d - Ice Form              Ice/Trmt       ###.....     12%         4    ####...
e - Alistair's Intoxicat  Trmt/Pois      ###.....     7%          4    ####...


Dungeon Overview and Level Annotations

Branches:
Dungeon (13/15)            Temple (1/1) D:6            Lair (1/8) D:11
    Orc (0/4) D:11
 Vaults: D:13-14

Altars:
Ashenzari
Cheibriados
Dithmenos
Elyvilon
Fedhas
Gozag
Kikubaaqudgha
Makhleb
Nemelex Xobeh
Okawaru
Qazlal
Ru
Sif Muna
Trog
Vehumet
Xom
Yredelemnul
Zin
The Shining One

Shops:
D:4 (

Annotations:
D:4 vatarom's ghost, average OpTm
D:6 1 runed door
D:12 Fannar


Innate Abilities, Weirdness & Mutations

You cannot wear most types of armour.
You are amphibious.
You can wear up to eight rings at the same time.
You can use your tentacles to constrict many enemies at once.
Your skin changes colour to match your surroundings (Stealth).
Your rubbery body absorbs attacks (AC +1).


Message History

You feel much better.
You warm up again.
Your +5 blowgun unmelds from your body.
Your ufetubus disappears in a puff of smoke!
Your ufetubus closely misses the spiny frog.
Your ufetubus hits the spiny frog. The spiny frog stings you!!
* * * LOW HITPOINT WARNING * * *
Your ufetubus barely misses the spiny frog. x2
Read which item? (? for menu, Esc to quit)
Okay, then.
Okay, then.
Casting: Ice Form
Confirm with . or Enter, or press ? or * to list all spells.
Okay, then.
Drink which item? (? for menu, Esc to quit)
You feel yourself speed up.
Your ufetubus completely misses the spiny frog.
Your ufetubus hits the spiny frog but does no damage.
The spiny frog stings you!
You die...

.......### ##...................
.........#####...................
..........##.....................
.............................>...
..)................####.###......
..................## ### ##.....
.................#.# ##..##
.................### #.##
...............%@## ##.#
..............5F..# #..#
##............ยง5..# #..#
#...........[....# ##.##
#..#.............# #####..##
##..##...........## ###(.....P#
#....#......3....# #........##
#......#........## ##....#...###
#...#####......## ##....####...##


You could see a spiny frog, a friendly ynoxinul and 2 friendly ufetubi.

Vanquished Creatures
  A cyclops (D:11)
  An ugly thing (D:12)
  Joseph (D:8)
  Psyche (D:11)
  A smoke demon (D:11)
  A spiny frog (Lair:1)
  A two-headed ogre (D:8)
  Prince Ribbit (D:6)
  A basilisk (Lair:1)
  A slime creature (D:12)
  18 yaks
  2 hungry ghosts
  10 swamp worms (D:8)
  Edmund (D:8)
  2 water moccasins
  3 hippogriffs
  A soldier ant (D:10)
  An orc warrior (D:12)
  2 black bears
  3 ice beasts
  2 sky beasts
  10 ogres
  4 phantoms
  A centaur (D:5)
  Duvessa (D:8)
  3 crocodiles
  A brain worm (D:8)
  4 elf zombies (Ossuary)
  12 giant frogs
  3 scorpions
  A wyvern skeleton (D:8)
  7 killer bees
  2 vampire bats (D:6)
  15 wights
  Dowan (D:8)
  6 crimson imps
  4 centaur zombies (Ossuary)
  A goliath beetle (D:9)
  A human zombie (Ossuary)
  3 jellies
  An orc priest (D:12)
  6 hounds
  A quasit (D:9)
  9 iguanas
  11 orc wizards
  7 worker ants
  3 ogre zombies (D:11)
  4 mummies
  Robin (D:4)
  A gnoll (D:7)
  14 adders
  A river rat (D:3)
  2 shadow imps (D:9)
  11 giant mites
  8 worms
  An adder skeleton (D:9)
  2 adder zombies
  14 giant geckos
  11 oozes (Sewer)
  36 orcs
  4 bat skeletons (D:6)
  4 bat zombies (D:6)
  16 giant cockroaches
  20 hobgoblins
  8 jackals
  17 kobolds
  9 quokkas
  14 ball pythons
  13 bats
  10 giant newts
  A giant spore (D:5)
  24 goblins
  A goblin zombie (D:11)
  A hobgoblin zombie (D:11)
  2 jackal skeletons
  A kobold skeleton (D:6)
  2 orc zombies (D:11)
  A quokka zombie (D:9)
  20 rats
  2 plants (D:8)
449 creatures vanquished.

Vanquished Creatures (collateral kills)
  A hill giant (D:12)
  An ugly thing (D:11)
  A wyvern (D:8)
  A scorpion (D:7)
  A bat (D:7)
5 creatures vanquished.

Vanquished Creatures (others)
  A plant (D:8)
1 creature vanquished.

Grand Total: 455 creatures vanquished

Notes
Turn   | Place    | Note
--------------------------------------------------------------
     0 | D:1      | hulla, the Octopode Transmuter, began the quest for the Orb.
     0 | D:1      | Reached XP level 1. HP: 13/13 MP: 3/3
   441 | D:1      | Reached XP level 2. HP: 15/18 MP: 4/4
   904 | D:1      | Reached XP level 3. HP: 23/23 MP: 6/6
   909 | D:1      | Learned a level 3 spell: Spider Form
   912 | D:1      | Learned a level 2 spell: Sticks to Snakes
  1491 | D:2      | Found a white marble altar of Elyvilon.
  1496 | D:2      | Reached skill level 4 in Transmutations
  1527 | D:2      | Found a snail-covered altar of Cheibriados.
  1528 | D:2      | Found a radiant altar of Vehumet.
  1792 | D:2      | Found an opulent altar of Gozag.
  1934 | D:3      | Reached XP level 4. HP: 28/28 MP: 7/7
  1953 | D:3      | Reached skill level 1 in Stealth
  2040 | D:3      | Found a bloodstained altar of Trog.
  2171 | D:3      | Found a glowing drain.
  2183 | Sewer    | Entered a sewer
  2235 | Sewer    | Reached XP level 5. HP: 33/33 MP: 3/9
  2950 | Sewer    | Reached skill level 5 in Transmutations
  3289 | Sewer    | Reached XP level 6. HP: 38/38 MP: 3/10
  3364 | Sewer    | Noticed a giant frog
  3579 | Sewer    | Noticed a giant frog
  3591 | Sewer    | Killed a giant frog
  3598 | Sewer    | Killed a giant frog
  4109 | D:3      | Reached XP level 7. HP: 43/43 MP: 12/12
  4116 | D:3      | Learned a level 4 spell: Ice Form
  4342 | D:4      | Noticed Robin
  4363 | D:4      | Killed Robin
  4537 | D:4      | Found Byawn's Weapon Boutique.
  4552 | D:4      | Reached skill level 5 in Dodging
  4558 | D:4      | Bought 13 poisoned needles for 52 gold pieces
  5214 | D:4      | Found a glowing golden altar of the Shining One.
  5764 | D:4      | Noticed vatarom's ghost (average OpTm)
  6277 | D:5      | Entered Level 5 of the Dungeon
  6313 | D:5      | Found a blossoming altar of Fedhas.
  6319 | D:5      | Found a stormy altar of Qazlal.
  6366 | D:5      | Reached skill level 6 in Dodging
  6615 | D:5      | Found a sand-covered staircase.
  6619 | Ossuary  | Entered an ossuary
  6800 | Ossuary  | Reached skill level 7 in Dodging
  6800 | Ossuary  | Reached XP level 8. HP: 22/48 MP: 11/13
  7919 | D:5      | Noticed Prince Ribbit
  8042 | D:6      | Found a runed door.
  8042 | D:6      | Found a basalt altar of Yredelemnul.
  8152 | D:6      | Found a staircase to the Ecumenical Temple.
  8296 | Temple   | Entered the Ecumenical Temple
  8363 | Temple   | Became a worshipper of Makhleb the Destroyer
  8747 | D:6      | Reached skill level 8 in Transmutations
  8882 | D:6      | Reached XP level 9. HP: 53/53 MP: 9/14
  8981 | D:6      | Found an ancient bone altar of Kikubaaqudgha.
  9248 | D:6      | Killed Prince Ribbit
  9355 | D:6      | Acquired Makhleb's first power
  9668 | D:6      | Reached skill level 9 in Dodging
 10100 | D:7      | Found a shimmering altar of Xom.
 10331 | D:7      | Acquired Makhleb's second power
 10353 | D:7      | Found an iron altar of Okawaru.
 10369 | D:7      | Found a bloodstained altar of Trog.
 11234 | D:8      | Noticed Joseph
 11243 | D:8      | Killed Joseph
 11243 | D:8      | Reached XP level 10. HP: 32/65 MP: 16/16
 11474 | D:8      | Reached skill level 5 in Unarmed Combat
 11498 | D:8      | Reached skill level 5 in Fighting
 11744 | D:8      | Reached skill level 10 in Dodging
 12497 | D:8      | Acquired Makhleb's third power
 12705 | D:8      | HP: 2/67 [swamp worm (20)]
 13853 | D:8      | Noticed Edmund
 13882 | D:8      | Killed Edmund
 13929 | D:8      | Reached skill level 1 in Invocations
 14111 | D:8      | Noticed Duvessa
 14119 | D:8      | Killed Duvessa
 14120 | D:8      | Noticed Dowan
 14124 | D:8      | Killed Dowan
 15525 | D:9      | Reached XP level 11. HP: 60/75 MP: 12/17
 15832 | D:9      | Acquired Makhleb's fourth power
 16285 | D:10     | Entered Level 10 of the Dungeon
 16382 | D:10     | Learned a level 4 spell: Alistair's Intoxication
 16455 | D:10     | You fall through a shaft for 3 floors!
 16474 | D:13     | Got a fine brass ring
 16475 | D:13     | Identified the ring of Xolacut {+Fly MP+9} (You found it on level 13 of the Dungeon)
 16581 | D:12     | Noticed a hill giant
 16593 | D:12     | Killed a hill giant
 16687 | D:12     | Noticed Fannar
 16737 | D:12     | Reached skill level 1 in Poison Magic
 17537 | D:10     | Acquired Makhleb's fifth power
 18544 | D:11     | Noticed Psyche
 18561 | D:11     | Killed Psyche
 18981 | D:11     | Reached skill level 5 in Invocations
 19196 | D:11     | Found a staircase to the Lair.
 19398 | D:11     | Reached XP level 12. HP: 56/84 MP: 22/22
 19711 | D:11     | Found a staircase to the Orcish Mines.
 19775 | Lair:1   | Entered Level 1 of the Lair of Beasts
 20516 | Lair:1   | HP: 1/84 [spiny frog (25)]
 20517 | Lair:1   | Mangled by a spiny frog

Action                   |  1- 3 |  4- 6 |  7- 9 | 10-12 || total
-------------------------+-------+-------+-------+-------++-------
Melee: Unarmed           |    93 |   256 |   538 |   598 ||  1485
 Fire: Blowgun           |       |     4 |    90 |   167 ||   261
Throw: Stone             |    11 |    30 |    28 |     2 ||    71
 Cast: Beastly Appendage |    10 |    13 |     4 |     5 ||    32
       Spider Form       |     3 |    28 |    35 |    34 ||   100
       Ice Form          |       |       |    20 |    53 ||    73
       Sticks to Snakes  |       |       |     6 |    15 ||    21
       Alistair's Intoxi |       |       |       |    41 ||    41
Invok: Lesser Servant of |       |       |       |     5 ||     5
       Minor Destruction |       |       |       |     2 ||     2
 Abil: End Transformatio |       |     2 |     7 |     8 ||    17
Evoke: Wand              |       |       |       |     5 ||     5
  Use: Potion            |     6 |       |     2 |     8 ||    16
       Scroll            |     3 |     2 |     5 |    20 ||    30
 Stab: Sleeping          |     1 |    10 |    37 |    39 ||    87
       Distracted        |       |       |     1 |     3 ||     4
       Confused          |       |       |       |     2 ||     2
  Eat: Chunk             |     8 |    13 |    31 |    51 ||   103
       Fruit             |       |       |       |     1 ||     1
